 Dungeon Crawl Stone Soup version 0.29.0-5-ge4962eb29e (webtiles) character file.

Game seed: 8561602603841801310

119 Arcadio the Firebug (level 4, 0/33 HPs)
             Began as a Draconian Fire Elementalist on Aug 29, 2022.
             Succumbed to a scorpion's poison
             ... on level 4 of the Dungeon.
             The game lasted 00:04:41 (2278 turns).

Arcadio the Firebug (Draconian Fire Elementalist)   Turns: 2278, Time: 00:04:41

Health: 0/33       AC:  6    Str: 11    XL:     4   Next: 73%
Magic:  0/8        EV: 12    Int: 17    God:
Gold:   72         SH:  0    Dex: 11    Spells: 8/9 levels left

rFire   . . .      SeeInvis .   d - +0 dagger
rCold   . . .      Faith    .   (no shield)
rNeg    . . .      Spirit   .   (body armour unavailable)
rPois   .          Reflect  .   (helmet restricted)
rElec   .          Harm     .   (no cloak)
rCorr   .          Rampage  .   (no gloves)
Will    .....                   h - +0 pair of boots
Stlth   ++........              (no amulet)
HPRegen 0.11/turn               (no ring)
MPRegen 0.11/turn               (no ring)

@: mighty, lethally poisoned (0 -> -23)
A: AC +5, unfitting armour, cold-blooded
a: no special abilities


You were on level 4 of the Dungeon.
You visited 1 branch of the dungeon, and saw 3 of its levels.

You collected 72 gold pieces.

Inventory:

Hand Weapons
 d - a +0 dagger (weapon)
Armour
 h - a +0 pair of boots (worn)
Jewellery
 g - a +4 ring of protection
Scrolls
 b - 2 scrolls of immolation {unknown}
 c - a scroll of teleportation {unknown}
 i - a scroll of identify {unknown}
Potions
 a - a potion of magic
 f - a potion of might


   Skills:
 + Level 3.0 Dodging
 - Level 1.7 Stealth
 + Level 3.1 Spellcasting
 - Level 1.0 Conjurations
 + Level 4.0 Fire Magic


You had 8 spell levels left.
You knew the following spells:

 Your Spells              Type           Power      Damage    Failure   Level
a - Foxfire               Conj/Fire      44%        2x1d6     6%          1

Your spell library contained the following spells:

 Spells                   Type           Power      Damage    Failure   Level
 Scorch                   Fire           32%        2d6       4%          2
 Conjure Flame            Conj/Fire      11%        6-21      19%         3
 Inner Flame              Hex/Fire       9%         N/A       22%         3
 Frozen Ramparts          Ice            4%         1d1       45%         3
 Flame Wave               Conj/Fire      11%        2d6       52%         4
 Ice Form                 Ice/Tmut       2%         N/A       86%         4
 Summon Ice Beast         Ice/Summ       2%         N/A       86%         4


Dungeon Overview and Level Annotations

Branches:
Dungeon (2/15) Zot: 15719

Altars:


Innate Abilities, Weirdness & Mutations

Your plain brown scales are hard. (AC +5)
You cannot fit into any form of body armour.
You are cold-blooded and may be slowed by cold attacks.


Message History

The scorpion closely misses you.
Casting: Foxfire (safe; 6% risk of failure)
Confirm with . or Enter, or press ? or * to list all spells.
You conjure some foxfire!
The scorpion stings you.
* * * LOW HITPOINT WARNING * * *
You are lethally poisoned!
The scorpion poisons you!
An iguana comes into view.
* * * LOW HITPOINT WARNING * * *
You feel very sick.
The foxfire hits the scorpion.
The scorpion is severely wounded.
The foxfire hits the scorpion.
The scorpion is severely wounded.
It was a potion of might.
You feel very mighty all of a sudden.
* * * LOW HITPOINT WARNING * * *
You feel very sick.
The iguana hisses angrily.
The scorpion barely misses you.
It was a potion of curing.
You feel better.
The scorpion stings you but does no damage.
You hit the scorpion but do no damage.
Your tail-slap misses the scorpion.
The scorpion is severely wounded.
The scorpion closely misses you. x2
You closely miss the scorpion.
The scorpion is severely wounded.
The scorpion stings you.
You are lethally poisoned!
The scorpion poisons you!
You barely miss the scorpion.
The scorpion is severely wounded.
You feel very sick. The scorpion stings you.
* * * LOW HITPOINT WARNING * * *
You are more poisoned.
The scorpion poisons you!
You barely miss the scorpion.
The scorpion is severely wounded.
You die...

##..........##
#............###
#..............#
#..............#
##.............#
#..###...#........#
#.......##.###....#
#.#####......#..s.#
####.#....@.#
#.............#
#.......#..#l...
#.$.............#
#..S.....##..?....
#.......###.#..###.
.........# #. ..# #
#..g....$# #. ...


You could see a scorpion and an iguana.

Vanquished Creatures
  A hound (D:4)
  4 adders
  A worm (D:2)
  A dart slug (D:2)
  3 endoplasms (D:2)
  2 giant cockroaches (D:1)
  9 goblins (D:1)
  3 hobgoblins (D:1)
  4 jackals (D:1)
  2 quokkas (D:2)
  6 ball pythons
  4 bats
  2 frilled lizards (D:1)
  5 kobolds
  2 rats
49 creatures vanquished.

Vanquished Creatures (others)
  141 foxfires
141 creatures vanquished.

Grand Total: 190 creatures vanquished

Notes
Turn   | Place    | Note
-------+----------+-------------------------------------------
     0 | D:1      | Arcadio the Draconian Fire Elementalist began the quest for
                  | the Orb.
     0 | D:1      | Reached XP level 1. HP: 14/14 MP: 3/3
   323 | D:1      | Reached XP level 2. HP: 20/20 MP: 3/5
   535 | D:1      | Found a faded altar of an unknown god.
  1312 | D:1      | Reached XP level 3. HP: 20/26 MP: 3/6
  1824 | D:2      | Reached XP level 4. HP: 32/33 MP: 1/8
  2215 | D:2      | You fall into a shaft and drop 2 floors!
  2254 | D:4      | Reached skill level 4 in Fire Magic
  2261 | D:4      | Noticed a scorpion
  2278 | D:4      | Succumbed to a scorpion's poison

Illustrated notes

Levels and vault maps discovered:
D:1:      enne_arrival_octagon_isle, layout_loops_ring,
          hellmonk_ecumenical_altar_zigzags, wad_floor_pattern_1,
          chequers_serial_rivers_micro_a, st_stairs_3
D:2:      layout_rooms
D:4:      layout_rooms, minmay_temple_entry_statues_fountains

Skill      XL: |  1  2  3  4 |
---------------+-------------+-----
Dodging        | 2 3 |  3.0
Spellcasting   | 3 |  3.1
Fire Magic     | 4 |  4.0
Stealth        | |  1.7
Conjurations   | |  1.0

Action                   |  1- 3 |  4- 6 || total
-------------------------+-------+-------++-------
Melee: Dagger            |    21 |    12 ||    33
       Tailslap          |     2 |     1 ||     3
       Punch             |     1 |       ||     1
 Cast: Foxfire           |    62 |    24 ||    86
  Use: Potion            |       |     2 ||     2
Armor: Skin              |    36 |     8 ||    44
Dodge: Dodged            |    57 |    17 ||    74
